 Dungeon Crawl Stone Soup version 0.21.0-3-g78d12a8 (webtiles) character file.

1365 dobroeutro the Slasher (level 8, -1/61 HPs)
             Began as a Demonspawn Fighter on Jan 9, 2018.
             Slain by a two-headed ogre
             ... wielding a +0 giant spiked club
              (30 damage)
             ... on level 5 of the Dungeon on Jan 10, 2018.
             The game lasted 00:09:19 (4467 turns).

dobroeutro the Slasher (Demonspawn Fighter)         Turns: 4467, Time: 00:09:20

Health: -1/61      AC:  7    Str: 19    XL:     8   Next: 38%
Magic:  8/8        EV: 10    Int: 10    God:
Gold:   158        SH: 12    Dex: 12    Spells: 7/7 levels left

rFire    . . .     SeeInvis .   a - +0 long sword
rCold    . . .     Gourm    .   c - +0 shield
rNeg     . . .     Faith    .   b - +0 scale mail
rPois    .         Spirit   .   (no helmet)
rElec    .         Reflect  +   (no cloak)
rCorr    .         Harm     .   (no gloves)
MR       .....                  (no boots)
Stlth    ..........             i - +3 amulet of reflection
HPRegen  0.20/turn              d - +2 ring of evasion
MPRegen  0.11/turn              (no ring)

@: no status effects
A: talons 2, demonic guardian 1
a: no special abilities


You were on level 5 of the Dungeon.
You were hungry.

You visited 2 branches of the dungeon, and saw 6 of its levels.

You collected 158 gold pieces.

Inventory:

Hand Weapons
 a - a +0 long sword (weapon)
Armour
 b - a +0 scale mail (worn)
 c - a +0 shield (worn)
Jewellery
 d - a +2 ring of evasion (left hand)
 i - a +3 amulet of reflection (around neck)
 m - an uncursed ring of loudness
Scrolls
 e - a scroll of amnesia
 g - a scroll of immolation {unknown}
 h - a scroll of enchant armour {unknown}
 j - a scroll of teleportation
 k - 3 scrolls of identify
 n - 2 scrolls of remove curse
Potions
 l - 2 potions of magic
 o - a potion of ambrosia
 q - 4 potions of agility {unknown}
 s - a potion of berserk rage {unknown}
 t - a potion of degeneration {unknown}
Comestibles
 f - 5 rations


   Skills:
 + Level 4.5 Fighting
 + Level 7.9 Long Blades
 + Level 4.0 Armour
 + Level 2.8 Dodging
 - Level 2.7 Shields


You had 7 spell levels left.
You didn't know any spells.

Dungeon Overview and Level Annotations

Branches:
Dungeon (5/15)             Temple (1/1) D:4

Altars:
Ashenzari
Cheibriados
Dithmenos
Elyvilon
Fedhas
Hepliaklqana
Kikubaaqudgha
Nemelex Xobeh
Qazlal
Ru
Trog
Uskayaw
Wu Jian
Xom
Zin
The Shining One

Annotations:
D:4 exclusion: oklob sapling


Innate Abilities, Weirdness & Mutations

You have razor-sharp toenails.
A weak demonic guardian rushes to your aid.


Message History

Your quasit claws the two-headed ogre but does no damage. x2
The two-headed ogre hits your quasit with a giant spiked club!!
Your quasit dies!
The two-headed ogre hits you with a giant spiked club.
The two-headed ogre hits you with a dire flail!
You are feeling hungry.
Your shield and scale mail prevent you from hitting the two-headed ogre.
You claw the two-headed ogre, but do no damage.
The two-headed ogre is heavily wounded.
Your shadow imp hits the two-headed ogre. x2
You strike the helpless two-headed ogre from behind!
You hit the two-headed ogre. You claw the two-headed ogre.
The two-headed ogre is almost dead.
The two-headed ogre hits you with a giant spiked club!!
The two-headed ogre hits you but does no damage.
Your shadow imp barely misses the two-headed ogre.
You hit the two-headed ogre but do no damage.
The two-headed ogre is almost dead.
The two-headed ogre hits you with a giant spiked club!!
You die...

#..#.####....###
#...[......# #.
###.#......# ###..
####..##...#####.....
#.....##.>..##...#..#
###.###(##..#.........#
##...# #.##.......####.#
###..#####O5...###.....#.#
#......%..@.#.##
##.##...## ########.#.##.#
#.####... #.#.##.# #.#
##.## #.#.##.#####.###..#
#.#.#..##........##
..#.#.........####
###÷#.........# #.
###.#.........##....
#............†...#


You could see a two-headed ogre and a friendly shadow imp.

Vanquished Creatures
  Grinder (D:3)
  A hippogriff (D:4)
  A sky beast (D:5)
  An ice beast (D:5)
  A phantom (D:4)
  2 scorpions
  A killer bee (D:4)
  A crimson imp (D:4)
  A hound (D:5)
  2 jellies
  An iguana (D:5)
  6 worker ants
  2 orc wizards
  4 adders
  An ooze (D:3)
  4 worms
  2 dart slugs
  2 leopard geckos
  14 orcs
  2 giant cockroaches
  10 goblins
  5 hobgoblins
  4 jackals (D:4)
  A quokka (D:4)
  A ball python skeleton (D:4)
  4 bats
  7 frilled lizards
  6 kobolds
  A leopard gecko zombie (D:3)
  11 rats
100 creatures vanquished.

Vanquished Creatures (collateral kills)
  2 ogres (D:4)
  2 killer bees (D:4)
  A bullfrog skeleton (D:5)
  A shadow imp (D:5)
6 creatures vanquished.

Vanquished Creatures (others)
  3 plants (D:4)
3 creatures vanquished.

Grand Total: 109 creatures vanquished

Notes
Turn   | Place    | Note
-------+----------+-------------------------------------------
     0 | D:1      | dobroeutro the Demonspawn Fighter began the quest for the Orb.
     0 | D:1      | Reached XP level 1. HP: 18/18 MP: 1/1
   108 | D:1      | Reached skill level 2 in Long Blades
   199 | D:1      | Gained mutation: You have sharp toenails. [demonic ancestry]
   199 | D:1      | Reached XP level 2. HP: 24/24 MP: 2/2
   784 | D:2      | Reached skill level 3 in Long Blades
   784 | D:2      | Reached XP level 3. HP: 26/29 MP: 3/3
   855 | D:2      | Reached XP level 4. HP: 19/35 MP: 4/4
   976 | D:2      | Found an ornate altar of the Wu Jian Council.
  1051 | D:2      | Reached skill level 4 in Long Blades
  1137 | D:3      | Found a faded altar of an unknown god.
  1517 | D:3      | Noticed Grinder
  1525 | D:3      | Paralysed by Grinder for 4 turns
  1531 | D:3      | Killed Grinder
  1531 | D:3      | Reached skill level 5 in Long Blades
  1531 | D:3      | Reached XP level 5. HP: 20/41 MP: 5/5
  1531 | D:3      | Gained mutation: You have razor-sharp toenails. [demonic ancestry]
  1531 | D:3      | Reached XP level 6. HP: 23/47 MP: 6/6
  1636 | D:3      | Reached skill level 6 in Long Blades
  1756 | D:3      | Found a shadowy altar of Dithmenos.
  2082 | D:4      | Found a staircase to the Ecumenical Temple.
  2122 | D:4      | Noticed a hippogriff
  2140 | D:4      | HP: 1/47 [hippogriff (3)]
  2143 | D:4      | Killed a hippogriff
  2143 | D:4      | Gained mutation: A weak demonic guardian rushes to your aid. [demonic ancestry]
  2143 | D:4      | Reached XP level 7. HP: 2/52 MP: 7/7
  2478 | D:4      | Reached skill level 7 in Long Blades
  2692 | D:4      | Reached skill level 1 in Dodging
  3802 | Temple   | Entered the Ecumenical Temple
  4075 | D:5      | Entered Level 5 of the Dungeon
  4111 | D:5      | Reached XP level 8. HP: 56/60 MP: 8/8
  4159 | D:5      | Noticed a two-headed ogre
  4467 | D:5      | Slain by a two-headed ogre

Skill      XL: |  1  2  3  4  5  6  7  8 |
---------------+-------------------------+-----
Long Blades    | 2 3 5 6 7 |  7.9
Armour         | 3 4 |  4.0
Dodging        | 1 2 |  2.8
Fighting       | 4 |  4.5
Shields        | |  2.7

Action                   |  1- 3 |  4- 6 |  7- 9 || total
-------------------------+-------+-------+-------++-------
Melee: Long sword        |    76 |   126 |   161 ||   363
       Kick              |    18 |    29 |    42 ||    89
  Use: Potion            |       |     6 |       ||     6
       Scroll            |       |       |     7 ||     7
 Stab: Invisible         |       |       |     1 ||     1
       Distracted        |       |       |     1 ||     1
  Eat: Chunk             |       |     4 |     4 ||     8
       Ration            |       |       |     1 ||     1
Armor: Scale mail        |    40 |    34 |    42 ||   116
Dodge: Dodged            |    26 |    33 |    58 ||   117
Block: Shield            |    41 |    76 |   101 ||   218
       Reflection        |       |     2 |       ||     2
       Rpst.: Long sword |    10 |    10 |    21 ||    41
